 Dungeon Crawl Stone Soup version 0.30-a0-1160-g6e42c06551 (webtiles) character file.

Game seed: 9220752320353805060

480 qeuew the Covert (level 6, -2/32 HPs)
             Began as a Spriggan Brigand on Apr 26, 2023.
             Killed by divine providence
             ... invoked by an orc priest
              (11 damage)
             ... on level 4 of the Dungeon.
             The game lasted 00:06:06 (3501 turns).

qeuew the Covert (Spriggan Brigand)                 Turns: 3501, Time: 00:06:07

Health: -2/32      AC:  3    Str:  7    XL:     6   Next: 86%
Magic:  7/7        EV: 18    Int: 12    God:
Gold:   178        SH:  0    Dex: 19    Spells: 5/5 levels left

rFire   . . .        i - +3 dagger (drain)
rCold   . . .        (no shield)
rNeg    + . .        b - +0 robe
rPois   .            (helmet restricted)
rElec   .            c - +0 cloak
rCorr   .            (gloves unavailable)
SInv    +            (boots unavailable)
Will    +....        (no amulet)
Stlth   ++++         l - ring of positive energy
HPRegen 0.25/turn    (no ring)
MPRegen 0.10/turn

%: no passive effects
@: very quick
A: very small, no large weapons, unfitting armour, see invisible, speed 3
a: no special abilities


You were on level 4 of the Dungeon.
You visited 1 branch of the dungeon, and saw 4 of its levels.
You also visited: Sewer.

You collected 178 gold pieces.

Inventory:

Hand Weapons
 a - a +2 dagger
 i - a +3 dagger of draining (weapon)
 r - a +3 short sword
Missiles
 d - 14 poisoned darts
 e - 3 curare-tipped darts (quivered)
Armour
 b - a +0 robe (worn)
 c - a +0 cloak (worn)
Jewellery
 l - a ring of positive energy (left hand)
Wands
 s - a wand of flame (15)
Scrolls
 g - a scroll of fear
 k - 3 scrolls of teleportation
 o - 3 scrolls of fog
 p - 2 scrolls of enchant armour
 q - a scroll of blinking
Potions
 f - 2 potions of mutation
 j - a potion of resistance
 m - a potion of haste


   Skills:
 + Level 2.6 Fighting
 * Level 4.8 Short Blades
 + Level 3.2 Throwing
 + Level 3.6 Dodging
 * Level 8.3 Stealth


You had 5 spell levels left.
You didn't know any spells.
Your spell library contained the following spells:

 Spells                   Type           Power      Damage    Failure   Level
 Necrotise                Necr           0%         1d4       32%         1
 Vampiric Draining        Necr           0%         2d6       69%         3
 Agony                    Necr           0%         N/A       100%        5


Dungeon Overview and Level Annotations

Branches:
Dungeon (4/15)              Sewer (visited)
 Temple: D:4-7

Altars:
Ru
Uskayaw


Innate Abilities, Weirdness & Mutations

You are very small and have problems with some larger weapons.
You are too small for most types of armour.
You have supernaturally acute eyesight. (SInv)
You cover ground extremely quickly. (Speed+++)


Message History

The orc priest shouts!
You hear a shout! x2
The orc priest shouts!
You hit the orc priest. You drain the orc priest.
The orc priest is moderately wounded.
The orc priest completely misses you.
You hit the orc priest but do no damage.
The orc priest is moderately wounded.
The orc priest hits you with a +0 hand axe.
You hit the orc priest but do no damage.
You drain the orc priest.
The orc priest is heavily wounded.
The orc wizard mumbles some strange words.
The orc wizard flickers and vanishes for a moment.
The orc priest hits you but does no damage.
You hit the orc priest but do no damage.
You drain the orc priest.
The orc priest is severely wounded.
The orc priest closely misses you.
You hit the orc priest but do no damage.
The orc priest is severely wounded.
You barely miss the orc priest.
The orc priest is severely wounded.
The orc priest closely misses you.
The orc priest invokes the aid of Beogh against you.
Beogh smites you!
* * * LOW HITPOINT WARNING * * *
You are too injured to fight recklessly!
You are too injured to fight recklessly!
You are too injured to fight recklessly!
You are too injured to fight recklessly!
You are too injured to fight recklessly!
You are too injured to fight recklessly!
You are too injured to fight recklessly!
You are too injured to fight recklessly!
Unknown command.
You closely miss the orc priest.
The orc priest is severely wounded.
The orc priest calls down the wrath of Beogh upon you.
Beogh smites you!
You die...

#.#.# #.######
##########.#.####.###
#..).......#........####
.#####.#######........#
#..<.#....#.#.##.#
#.##.#.####.#.##.# #.##.#.#
#.#.##.. ###.##...# #...)..)
..#@###### ###.#### #
###.#o# #)# .##. ...o.# #.#
...#####o#############.#
###...................#.#
......8.8...#########.#.####
.#..........# #.............
....8..[..8.# #.#####.###.##
._..........# #.##....


You could see 2 orc priests and an orc wizard.

Vanquished Creatures
  3 kobold brigands (Sewer)
  Ijyb (D:3)
  An orc wizard (D:4)
  An iguana (D:2)
  A gnoll (D:4)
  6 adders
  2 river rats (Sewer)
  An ufetubus (D:4)
  8 worms
  2 orcs (D:4)
  5 ball pythons
  16 endoplasms
  7 giant cockroaches
  6 goblins
  3 hobgoblins
  4 quokkas
  2 bats (D:1)
  4 frilled lizards
  11 kobolds
  11 rats
95 creatures vanquished.

Notes
Turn   | Place    | Note
-------+----------+-------------------------------------------
     0 | D:1      | qeuew the Spriggan Brigand began the quest for the Orb.
     0 | D:1      | Reached XP level 1. HP: 10/10 MP: 2/2
    56 | D:1      | Reached skill level 6 in Stealth
   137 | D:1      | Reached XP level 2. HP: 14/14 MP: 3/3
   601 | D:2      | Reached XP level 3. HP: 16/18 MP: 4/4
   737 | D:2      | Reached XP level 4. HP: 23/23 MP: 5/5
  1436 | D:3      | Found a sacrificial altar of Ru.
  1609 | D:3      | Found a glowing drain.
  1627 | Sewer    | Entered a sewer
  1741 | Sewer    | Noticed a kobold brigand
  1769 | Sewer    | Killed a kobold brigand
  1770 | Sewer    | Reached skill level 7 in Stealth
  1770 | Sewer    | Reached XP level 5. HP: 26/26 MP: 6/6
  1797 | Sewer    | Reached XP level 6. HP: 4/31 MP: 7/7
  2462 | Sewer    | Reached skill level 8 in Stealth
  2629 | D:3      | Noticed Ijyb
  2854 | D:3      | Killed Ijyb
  3397 | D:4      | Found a hide-covered altar of Uskayaw.
  3501 | D:4      | Killed from afar by an orc priest

Illustrated notes

Levels and vault maps discovered:
D:1:      dpeg_arrival_tiny_i, layout_basic
D:2:      layout_basic
D:3:      layout_loops_ring, nicolae_ru_awakened_eye,
          cheibrodos_sewer_entry_drain, uniq_ijyb
D:4:      layout_loops_ring, nicolae_gozag_cash_rules_everything_around_me,
          nicolae_uskayaw_dance_hall

Skill      XL: |  1  2  3  4  5  6 |
---------------+-------------------+-----
Stealth        | 6 7 8 |  8.3
Dodging        | 2 3 |  3.6
Short Blades   | 3 4 |  4.8
Fighting       | 2 |  2.6
Throwing       | 3 |  3.2

Action                     |  1- 3 |  4- 6 || total
---------------------------+-------+-------++-------
  Melee: Dagger            |    62 |   273 ||   335
         Punch             |     1 |     1 ||     2
  Throw: Dart              |       |     4 ||     4
    Use: Scroll            |     3 |    10 ||    13
         Potion            |     1 |     4 ||     5
   Stab: Sleeping          |     9 |    10 ||    19
         Distracted        |       |     1 ||     1
 Armour: Robe              |     2 |    19 ||    21
  Dodge: Dodged            |    34 |   143 ||   177

Table legend: (Time is in decaauts)
 A = Elapsed time spent in this place.
 B = Non-inter-level travel time spent in this place.
 C = Inter-level travel time spent in this place.
 D = Time resting spent in this place.
 E = Time spent auto-exploring this place.
 F = Levels seen in this place.
 G = Mean time per level.
                   A        B        C        D        E       F      G
               +--------+--------+--------+--------+--------+-----+--------+
         Total |   2711 |   2693 |     18 |      0 |   1948 |   5 |  542.2 |
       Dungeon |   1768 |   1750 |     18 |      0 |   1306 |   4 |  442.0 |
         Sewer |    943 |    943 |      0 |      0 |    641 |   1 |  943.0 |
               +--------+--------+--------+--------+--------+-----+--------+

Top non-repeatable levels by time:
   Sewer: 943 daAuts
     D:3: 536 daAuts
     D:2: 521 daAuts
     D:1: 390 daAuts
     D:4: 320 daAuts
